 Dungeon Crawl Stone Soup version 0.21-a0-88-g13b9641 (webtiles) character file.

58 Celandrion the Skirmisher (level 3, 0/29 HPs)
             Began as a Demonspawn Abyssal Knight on June 27, 2017.
             Was a Follower of Lugonu.
             Succumbed to a gnoll's poison
             ... on level 3 of the Dungeon.
             The game lasted 00:06:13 (1912 turns).

Celandrion the Skirmisher (DsAK)                    Turns: 1912, Time: 00:06:13

Health: 0/29       AC:  8    Str: 18    XL:     3   Next: 75%
Magic:  5/5        EV: 11    Int: 18    God:    Lugonu [*.....]
Gold:   121        SH:  0    Dex: 12    Spells: 2/2 levels left

rFire    . . .     SeeInvis .   g - +0 spear (venom)
rCold    + . .     Gourm    .   (no shield)
rNeg     . . .     Faith    .   s - +1 ring mail {rC+}
rPois    .         Spirit   +   (helmet restricted)
rElec    .         Reflect  .   (no cloak)
rCorr    .         Harm     .   r - +1 pair of gloves
MR       .....                  (no boots)
Stlth    +.........             (no amulet)
HPRegen  0.09/turn              (no ring)
MPRegen  0.09/turn              (no ring)

@: mighty, brilliant, lethally poisoned (0 -> -3)
A: horns 1, deterioration 1, evolution 1, magic shield, rot immunity
a: Depart the Abyss, Renounce Religion


You were on level 3 of the Dungeon.
You worshipped Lugonu.
Lugonu was aware of your devotion.
You were not hungry.

You visited 1 branch of the dungeon, and saw 3 of its levels.
You visited the Abyss 1 time.

You collected 121 gold pieces.

Inventory:

Hand Weapons
 g - a +0 spear of venom (weapon)
 p - a +4 hunting sling of freezing
Armour
 r - a +1 pair of gloves (worn)
 s - a +1 ring mail of cold resistance (worn)
Jewellery
 h - an uncursed ring of fire
Scrolls
 b - a scroll of blinking {unknown}
 e - a scroll of magic mapping {unknown}
 f - a scroll of recharging
 o - a scroll of amnesia {unknown}
 q - a scroll of enchant weapon {unknown}
Comestibles
 c - 2 bread rations
 d - a royal jelly
 l - 3 fruits
 m - a meat ration
 n - 2 chunks of flesh


   Skills:
 + Level 3.3 Fighting
 + Level 2.5 Polearms
 + Level 2.0 Armour
 + Level 1.6 Dodging
 + Level 3.2 Invocations


You had 2 spell levels left.
You didn't know any spells.

Dungeon Overview and Level Annotations

Branches:
Dungeon (3/15)

Altars:

Annotations:
D:3 Terence


Innate Abilities, Weirdness & Mutations

When hurt, damage is shared between your health and your magic reserves.
You are immune to rotting.
You have a pair of small horns on your head.
Your body sometimes deteriorates upon taking damage.
You evolve.


Message History

You feel sick.
* * * LOW HITPOINT WARNING * * *
You feel sick.
* * * LOW HITPOINT WARNING * * *
You feel sick.
* * * LOW HITPOINT WARNING * * *
You feel sick.
* * * LOW HITPOINT WARNING * * *
You feel sick.
* * * LOW HITPOINT WARNING * * *
You feel sick.
* * * LOW HITPOINT WARNING * * *
You feel sick.
* * * LOW HITPOINT WARNING * * *
You feel sick.
* * * LOW HITPOINT WARNING * * *
You feel sick.
* * * LOW HITPOINT WARNING * * *
You feel sick.
You die...

#.# .......##.#########
#.#####.#.#.###.#.......#
#....# ##........# #.#
####S#####.####...#####.#
#g##.....###......##.#
#.##.....#...(..(.....
#.##.......##.........
####.##.....####.###.....
#....##.@........###.####
#S##############.....#
#.# #.##### #g#########
#.# #.#.......# #.# ##
#.#.......# #.# #.
#.#..####.######.# #.
#...>..##..Sg....# #.
###..#....##############.


There were no monsters in sight!

Vanquished Creatures
  A gnoll (D:3)
  An ooze (D:2)
  3 worms
  2 leopard geckos (D:2)
  An orc (D:3)
  4 hobgoblins (D:1)
  2 jackals (D:3)
  A quokka (D:2)
  5 bats
  A frilled lizard (D:1)
  3 goblins
  3 kobolds
  7 rats
34 creatures vanquished.

Notes
Turn   | Place    | Note
-------+----------+-------------------------------------------
     0 | Abyss:1  | Celandrion the Demonspawn Abyssal Knight began the quest for the Orb.
     0 | Abyss:1  | Reached XP level 1. HP: 18/18 MP: 2/2
    18 | D:1      | Escaped the Abyss
   243 | D:1      | Reached skill level 1 in Dodging
   400 | D:1      | Gained mutation: When hurt, damage is shared between your health and your magic reserves. [demonic ancestry]
   400 | D:1      | Reached XP level 2. HP: 24/24 MP: 3/3
  1114 | D:2      | Found a faded altar of an unknown god.
  1433 | D:3      | Gained mutation: You are immune to rotting. [demonic ancestry]
  1433 | D:3      | Reached XP level 3. HP: 29/29 MP: 5/5
  1730 | D:3      | Noticed Terence
  1889 | D:3      | Gained mutation: Your body sometimes deteriorates upon taking damage. [potion of mutation]
  1889 | D:3      | Gained mutation: You evolve. [potion of mutation]
  1889 | D:3      | Gained mutation: You have a pair of small horns on your head. [potion of mutation]
  1908 | D:3      | HP: 1/29 [poisoned by a gnoll]
  1912 | D:3      | Succumbed to a gnoll's poison

Vault maps used:
D:1:      lightli_arrival_chessboard, minmay_tripent
D:2:      kennysheep_big_flooded_room, first_bread,
          chequers_ecumenical_altar_simple_redux
D:3:      st_stairs_8, cheibrodos_gnoll_hut, uniq_terence

Skill      XL: |  1  2  3 |
---------------+----------+-----
Dodging        | 1 |  1.6
Polearms       | 2 |  2.5
Armour         | 2 |  2.0
Invocations    | 3 |  3.2
Fighting       | |  3.3

Action                   || total
-------------------------++-------
Melee: Spear             ||   160
  Use: Scroll            ||     4
       Potion            ||     3
  Eat: Chunk             ||     3
Armor: Leather armour    ||    11
       Ring mail         ||    27
Dodge: Dodged            ||    58
